 Dungeon Crawl Stone Soup version 0.30-a0-778-g2ef04afb54 (webtiles) character file.

Game seed: 17768702258055883979

10722 Newt the Skirmisher (level 11, -12/72 HPs)
             Began as a Demonspawn Gladiator on Feb 16, 2023.
             Was a Follower of Hepliaklqana.
             Killed from afar by a molten gargoyle (15 damage)
             ... with a bolt of magma
             ... on level 9 of the Dungeon.
             The game lasted 00:14:44 (9675 turns).

Newt the Skirmisher (Demonspawn Gladiator)          Turns: 9675, Time: 00:14:45

Health: -12/72     AC: 11    Str: 20    XL:     11   Next: 39%
Magic:  8/21       EV: 15    Int:  9    God:    Hepliaklqana [*.....]
Gold:   893        SH:  0    Dex: 22    Spells: 21/24 levels left

rFire   + . .      SeeInvis .    p - +2 sling (flame)
rCold   . . .      Faith    .    (no shield)
rNeg    . . .      Spirit   .    d - +2 robe {Archmagi}
rPois   .          Reflect  .    (helmet restricted)
rElec   +          Harm     .    u - +0 cloak
rCorr   .          Rampage  .    i - +1 pair of gloves
Will    .....      Archmagi +    (no boots)
Stlth   +++                      (no amulet)
HPRegen 0.32/turn                m - ring of Iqag {Contam rElec rF+ AC+4 Slay+3}
MPRegen 0.17/turn                J - +6 ring of dexterity

@: portalling projectiles, attractive
A: reduced essence, horns 1, thin skeletal structure 1, spiny 2, condensation
shield
a: Renounce Religion, Recall Ancestor, Ancestor Identity


You were on level 9 of the Dungeon.
You worshipped Hepliaklqana.
Hepliaklqana was aware of your devotion.
You visited 2 branches of the dungeon, and saw 10 of its levels.
You also visited: Bailey.

You collected 893 gold pieces.

Inventory:

Hand Weapons
 a - a +1 vampiric rapier
 p - a +2 sling of flaming (weapon)
Missiles
 e - a javelin
 G - 18 boomerangs
Armour
 b - a +0 leather armour
 c - a +0 helmet
 d - a +2 robe of the Archmagi (worn)
 i - a +1 pair of gloves (worn)
 n - a +0 chain mail of poison resistance
 u - a +0 cloak (worn)
Jewellery
 m - the ring of Iqag (left hand) {Contam rElec rF+ AC+4 Slay+3}
   (You acquired it on level 3 of the Dungeon)

   [ring of protection]

   AC:        It affects your AC (+4).
   Slay:      It affects your accuracy & damage with ranged weapons and melee
   (+3).
   rF:        It protects you from fire.
   rElec:     It insulates you from electricity.
   Contam:    It causes magical contamination when unequipped.
 x - a ring of protection from fire
 A - a +5 ring of evasion
 J - a +6 ring of dexterity (right hand)
Wands
 k - a wand of mindburst (6)
 C - a wand of roots (4)
 F - a wand of flame (13)
 H - a wand of charming (10)
 N - a wand of digging (5)
Scrolls
 j - 2 scrolls of brand weapon
 o - a scroll of noise
 t - a scroll of immolation
 v - 3 scrolls of teleportation
 y - 2 scrolls of fear {unknown}
 z - a scroll of amnesia
 B - a scroll of torment
 K - a scroll of magic mapping
 L - a scroll of poison
Potions
 f - 2 potions of ambrosia
 g - a potion of degeneration
 l - a potion of might
 q - 6 potions of flight
 r - 2 potions of attraction
 w - 3 potions of curing
 D - a potion of cancellation
 E - 2 potions of mutation {unknown}
 I - a potion of invisibility {unknown}
 M - a potion of brilliance {unknown}


   Skills:
 - Level 6.0 Fighting
 - Level 3.0 Short Blades
 - Level 8.0 Ranged Weapons
 - Level 1.7 Throwing
 - Level 5.0 Dodging
 - Level 1.5 Stealth
 + Level 7.3 Spellcasting
 + Level 8.0 Hexes
 + Level 7.3 Translocations


You had 21 spell levels left.
You knew the following spells:

 Your Spells              Type           Power      Damage    Failure   Level
a - Portal Projectile     Hex/Tloc       50%        N/A       2%          3

Your spell library contained the following spells:

 Spells                   Type           Power      Damage    Failure   Level
 Confusing Touch          Hex            26%        N/A       2%          3
 Inner Flame              Hex/Fire       15%        N/A       11%         3
 Kiss of Death            Conj/Necr      16%        2d6       21%         1
 Kindle Blastsparks       Fire/Tloc/Air  22%        2d11      22%         3
 Fulminant Prism          Conj/Hex       7%         3d7       36%         4
 Leda's Liquefaction      Hex/Erth       7%         N/A       36%         4
 Iskenderun's Mystic Bla  Conj/Tloc      14%        2d5       41%         4
 Call Canine Familiar     Summ           4%         N/A       52%         3
 Ignite Poison            Fire/Tmut/Pois 4%         N/A       52%         3
 Dispel Undead            Necr           4%         3d7       89%         4
 Flame Wave               Conj/Fire      4%         2d5       89%         4
 Sticky Flame             Conj/Fire      4%         2d3       89%         4
 Lee's Rapid Deconstruct  Erth           2%         3d4*      99%         5
 Borgnjor's Revivificati  Necr           2%         N/A       100%        8
 Ignition                 Fire           2%         3d3       100%        8
 Necromutation            Tmut/Necr      2%         N/A       100%        8
 Death's Door             Necr           2%         N/A       100%        9


Dungeon Overview and Level Annotations

Branches:
Dungeon (9/15)             Temple (1/1) D:6          Bailey (visited)
   Lair: D:8-11         Orc: D:9-12

Altars:
Ashenzari
Cheibriados
Dithmenos
Fedhas
Gozag
Hepliaklqana
Kikubaaqudgha
Makhleb
Nemelex Xobeh
Okawaru
Qazlal
Ru
Sif Muna
Trog
Uskayaw
Vehumet
Wu Jian
Xom
Yredelemnul

Shops:
D:2 [[[*[   D:5 =

Annotations:
D:7 2 runed translucent doors
D:8 3 runed translucent doors, FacelessVoid's ghost, novice MiHu


Innate Abilities, Weirdness & Mutations

Your life essence is reduced to manifest your ancestor. (-10% HP)
You have a pair of small horns on your head.
You have a somewhat thin skeletal structure. (Dex +2, Stealth+)
You are mostly covered in sharp spines.
A meltable shield of frost defends you. (SH +0)


Message History

The molten gargoyle blasts magma at you!
The bolt of magma hits you! You partially resist.
The molten gargoyle is attracted toward you.
Okay, then.
Okay, then.
Casting: Portal Projectile (mildly dangerous; 2% risk of failure)
Confirm with . or Enter, or press ? or * to list all spells.
You feel a surge of power!
You begin teleporting projectiles to their destination.
The molten gargoyle barely misses you.
You magically shoot a sling bullet.
The sling bullet hits the molten gargoyle but does no damage.
The molten gargoyle blasts magma at you!
The bolt of magma hits you! You partially resist.
You magically shoot a sling bullet.
The sling bullet hits the molten gargoyle.
The molten gargoyle is lightly damaged.
The molten gargoyle is struck by your spines.
The molten gargoyle hits you with a +0 flail!
* * * LOW HITPOINT WARNING * * *
You are engulfed in flames.
You resist.
* * * LOW HITPOINT WARNING * * *
You magically shoot a sling bullet.
The sling bullet hits the molten gargoyle but does no damage.
The molten gargoyle is moderately damaged.
The molten gargoyle is struck by your spines.
The molten gargoyle hits you with a +0 flail.
* * * LOW HITPOINT WARNING * * *
You are engulfed in flames.
You resist.
* * * LOW HITPOINT WARNING * * *
Throw: throwing net
Press: ? - help, Shift-Dir - straight line, f/p - molten gargoyle
Aim: a molten gargoyle, wielding a +0 flail (moderately damaged, 80% to hit)
You magically throw a throwing net.
The throwing net hits the molten gargoyle.
The molten gargoyle is caught in the net!
The molten gargoyle is moderately damaged.
The molten gargoyle blasts magma at you!
The bolt of magma hits you! You partially resist.
You die...

##...........# ≈≈ ≈§
...R#'#######.. S≈ ≈≈≈
....#.......#.# . ..≈
....#.......# #.#.#
....#..###### .#.#
.####..###########...
.#...........##..#.##..#
.#...........##..9.....#
.#...........##.@#.....#
.#+######....##..#.......
## #...###.##....$.. .#
#...###.#####.... .#
+...........#.... .#
#.......[...# ... .#
#...........# .. ##
#############


You could see a molten gargoyle (caught).

Vanquished Creatures
  A boulder beetle (D:8)
  A centaur warrior (D:8)
  A two-headed ogre (D:7)
  An orc knight (Bailey)
  An ugly thing (D:7)
  2 manticores
  2 molten gargoyles (D:9)
  A gargoyle (D:8)
  A troll (D:8)
  Grinder (D:4)
  3 slime creatures (D:8)
  A wraith (D:7)
  A spriggan (shapeshifter) (D:8)
  A wyvern (D:8)
  12 yaks
  A vampire mosquito (D:8)
  2 water moccasins
  An acid dragon (D:8)
  An ice beast (D:6)
  6 orc warriors
  A black bear (D:7)
  An ogre (D:5)
  3 centaurs
  2 phantoms (D:5)
  A kobold brigand (D:8)
  3 bullfrogs (D:7)
  A scorpion (D:7)
  3 wights (D:8)
  A hornet simulacrum (D:8)
  2 howler monkeys (D:8)
  3 crimson imps
  4 hounds
  3 jellies
  Crazy Yiuf (D:7)
  3 orc priests (D:7)
  A gnoll bouda (D:7)
  An iguana (D:7)
  Jessica (D:3)
  Natasha (D:3)
  11 orc wizards
  10 gnolls
  10 adders
  A shadow imp (D:7)
  A white imp (D:7)
  2 ufetubi (D:5)
  A worm (D:5)
  2 dart slugs
  22 orcs
  9 ball pythons
  4 bats
  4 endoplasms (D:1)
  4 giant cockroaches
  14 goblins
  10 hobgoblins
  2 quokkas
  2 ball python skeletons (D:2)
  A ball python zombie (D:2)
  2 frilled lizards (D:3)
  A giant cockroach zombie (D:2)
  17 kobolds
  3 quokka zombies (D:2)
  6 rats
216 creatures vanquished.

Vanquished Creatures (others)
  2 ancestors
  4 plants (D:3)
  2 withered plants (D:2)
8 creatures vanquished.

Grand Total: 224 creatures vanquished

Notes
Turn   | Place    | Note
-------+----------+-------------------------------------------
     0 | D:1      | Newt the Demonspawn Gladiator began the quest for the Orb.
     0 | D:1      | Reached XP level 1. HP: 16/16 MP: 1/1
    52 | D:1      | Reached skill level 1 in Stealth
    81 | D:1      | Gained mutation: You have a pair of small horns on your
                  | head. [demonic ancestry]
    81 | D:1      | Reached XP level 2. HP: 19/22 MP: 2/2
   589 | D:1      | Gained mutation: You are partially covered in sharp spines.
                  | [demonic ancestry]
   589 | D:1      | Reached XP level 3. HP: 28/29 MP: 3/3
  1036 | D:2      | Found Mihakk's Antique Armour Shoppe.
  1056 | D:2      | Reached XP level 4. HP: 34/37 MP: 4/4
  1082 | D:2      | Found Adghuocvu's Armour Shop.
  1161 | D:2      | Found Caicoff's General Store.
  1226 | D:2      | Found Peujerph's Armour Emporium.
  1343 | D:2      | Found Yramaimnui's Armour Boutique.
  1444 | D:2      | Reached skill level 1 in Ranged Weapons
  1747 | D:3      | Gained mutation: You are mostly covered in sharp spines.
                  | [demonic ancestry]
  1747 | D:3      | Reached XP level 5. HP: 33/42 MP: 5/5
  2018 | D:3      | Noticed Jessica
  2026 | D:3      | Killed Jessica
  2046 | D:3      | Found a sparkling altar of Nemelex Xobeh.
  2112 | D:3      | Noticed Natasha
  2120 | D:3      | Killed Natasha
  2149 | D:3      | Identified a scroll of acquirement
  2149 | D:3      | Acquired the ring of Iqag {Contam rElec rF+ AC+4 Slay+3}
  2303 | D:4      | Noticed Grinder
  2309 | D:4      | Killed Grinder
  2310 | D:4      | Reached XP level 6. HP: 39/48 MP: 6/6
  2392 | D:4      | Reached skill level 5 in Ranged Weapons
  2616 | D:4      | Found a basalt altar of Yredelemnul.
  2652 | D:4      | Gained mutation: You have a somewhat thin skeletal
                  | structure. (Dex +2, Stealth+) [demonic ancestry]
  2652 | D:4      | Reached XP level 7. HP: 54/54 MP: 7/7
  2736 | D:4      | Noticed an angel
  3060 | D:5      | Entered Level 5 of the Dungeon
  3254 | D:5      | Found Wixorcha's One-of-a-Kind Rings.
  3266 | D:5      | Found a snail-covered altar of Cheibriados.
  3448 | D:5      | Found an opulent altar of Gozag.
  3825 | D:5      | Found a sacrificial altar of Ru.
  4461 | D:6      | Found a staircase to the Ecumenical Temple.
  4597 | Temple   | Entered the Ecumenical Temple
  4714 | D:6      | Reached XP level 8. HP: 60/60 MP: 8/8
  4769 | D:6      | Found an ornate altar of the Wu Jian Council.
  4990 | D:7      | Found a flagged portal.
  5008 | Bailey   | Entered a bailey
  5184 | Bailey   | Noticed an orc knight
  5216 | Bailey   | Reached skill level 5 in Dodging
  5235 | Bailey   | Reached skill level 5 in Fighting
  5253 | Bailey   | Killed an orc knight
  5254 | Bailey   | Reached skill level 1 in Spellcasting
  5254 | Bailey   | Reached skill level 1 in Hexes
  5254 | Bailey   | Reached skill level 1 in Translocations
  5254 | Bailey   | Reached XP level 9. HP: 69/69 MP: 8/11
  5292 | Bailey   | Learned a level 3 spell: Portal Projectile
  5492 | D:7      | Found a large runed translucent door.
  5492 | D:7      | Found a large runed translucent door.
  5497 | D:7      | Noticed a two-headed ogre
  5505 | D:7      | Noticed a manticore
  5544 | D:7      | Noticed a green ugly thing
  5558 | D:7      | Killed a green ugly thing
  5761 | D:7      | Found a large runed translucent door.
  5761 | D:7      | Found a large runed translucent door.
  5809 | D:7      | Found a blossoming altar of Fedhas.
  6003 | D:7      | Found a shadowy altar of Dithmenos.
  6004 | D:7      | Found a hazy altar of Hepliaklqana.
  6016 | D:7      | Became a worshipper of Hepliaklqana the Forgotten
  6034 | D:7      | Found a stormy altar of Qazlal.
  6107 | D:7      | Found a burning altar of Makhleb.
  6547 | D:7      | Found a runed translucent door.
  6548 | D:7      | Noticed Crazy Yiuf
  6555 | D:7      | Killed Crazy Yiuf
  6740 | D:7      | Gained mutation: A meltable shield of frost defends you.
                  | (SH +0) [demonic ancestry]
  6740 | D:7      | Reached XP level 10. HP: 65/76 MP: 13/16
  6761 | D:8      | Reached skill level 5 in Hexes
  6937 | D:8      | Noticed FacelessVoid's ghost (novice MiHu)
  7077 | D:8      | Reached skill level 5 in Spellcasting
  7077 | D:8      | Reached skill level 5 in Translocations
  7575 | D:8      | Found a runed translucent gate.
  7575 | D:8      | Found a runed translucent gate.
  7575 | D:8      | Found a runed translucent gate.
  7661 | D:8      | Noticed a gargoyle
  7665 | D:8      | Killed a gargoyle
  7702 | D:8      | Noticed a manticore
  7708 | D:8      | Killed a manticore
  7727 | D:8      | Noticed a boulder beetle
  7735 | D:8      | Identified the +4 morningstar "Wueri" {pain, Int+4 Dex+3}
  7818 | D:8      | Noticed a centaur warrior
  7865 | D:8      | Killed a centaur warrior
  8218 | D:8      | Killed a boulder beetle
  8219 | D:8      | Reached XP level 11. HP: 21/81 MP: 20/20
  9007 | D:9      | Reached * piety under Hepliaklqana
  9282 | D:7      | Killed a two-headed ogre
  9554 | D:9      | Found a shimmering altar of Xom.
  9674 | D:9      | HP: 3/72 [molten gargoyle/+0 flail (5)]
  9675 | D:9      | Killed from afar by a molten gargoyle

Illustrated notes

Levels and vault maps discovered:
D:1:      dreamdust_arrival_sigmund_warning, layout_loops_corners,
          minmay_box_of_dots
D:2:      cheibrodos_helix_gallery, layout_basic, serial_shops, shop,
          nicolae_shop_trees, shop, shop, shop_fountains, serial_undead,
          serial_undead_d, serial_undead_f, serial_undead_b, serial_undead_f,
          serial_undead_d, serial_undead_b, serial_undead_a
D:3:      layout_rooms, nemelex_xobeh_ov_fountains_minmay,
          nicolae_grassy_gnolls, uniq_jessica, uniq_natasha
D:4:      layout_cave_pods, zin_angel, yredelemnul_altar_generic, uniq_grinder
D:5:      layout_layer_cave, kennysheep_slug_shrine, general_overflow_altar,
          nicolae_ru_the_path_less_chosen, nicolae_shop_unique_rings
D:6:      layout_rooms, mainiacjoe_overflow_24_doors,
          minmay_temple_entry_gardened_gates
D:7:      layout_rooms, mainiacjoe_overflow_six_doors_small,
          makhleb_grotto_becter, lemuel_doored_altar,
          riverfiend_overflow_shadow_ancestor, enter_bailey_5,
          minmay_hollow_rounded_squares, uniq_crazy_yiuf_cottage
D:8:      kennysheep_six_static_rooms, layout_basic, gammafunk_ghost_split,
          minmay_evil_grid
D:9:      layout_stronghold, led_xom_imps, minmay_tree_intersection,
          minivault_8, uniq_maurice
Temple:   nicolae_temple_cloud_nine

Skill      XL: |  1  2  3  4  5  6  7  8  9 10 11 |
---------------+----------------------------------+-----
Stealth        | 1 |  1.5
Fighting       | 3 4 6 |  6.0
Short Blades   | 3 |  3.0
Ranged Weapons | 1 4 5 7 8 |  8.0
Dodging        | 5 |  5.0
Spellcasting   | 1 4 6 7 |  7.3
Hexes          | 1 4 7 8 |  8.0
Translocations | 1 4 6 7 |  7.3
Throwing       | |  1.7

Action                     |  1- 3 |  4- 6 |  7- 9 | 10-12 || total
---------------------------+-------+-------+-------+-------++-------
  Melee: Rapier            |    69 |    30 |       |       ||    99
         Headbutt          |     7 |     3 |       |       ||    10
   Fire: Sling             |       |    96 |   288 |   243 ||   627
  Throw: Throwing net      |       |       |       |     5 ||     5
   Cast: Portal Projectile |       |       |     2 |    15 ||    17
 Invoke: Recall Ancestor   |       |       |       |     1 ||     1
  Evoke: Wand              |       |       |     5 |     8 ||    13
    Use: Scroll            |     3 |     5 |    10 |     6 ||    24
         Potion            |       |       |     2 |     4 ||     6
   Stab: Sleeping          |     2 |       |       |       ||     2
         Distracted        |       |     1 |       |       ||     1
 Armour: Leather armour    |    12 |    16 |    15 |    31 ||    74
  Dodge: Dodged            |    42 |    58 |   100 |    84 ||   284
  Block: Other             |       |       |       |    18 ||    18

Table legend: (Time is in decaauts)
 A = Elapsed time spent in this place.
 B = Non-inter-level travel time spent in this place.
 C = Inter-level travel time spent in this place.
 D = Time resting spent in this place.
 E = Time spent auto-exploring this place.
 F = Levels seen in this place.
 G = Mean time per level.
                   A        B        C        D        E       F      G
               +--------+--------+--------+--------+--------+-----+--------+
         Total |   9733 |   9297 |    436 |   1562 |   6286 |  11 |  884.8 |
       Dungeon |   9230 |   8801 |    429 |   1467 |   6028 |   9 | 1025.6 |
        Temple |     39 |     33 |      6 |      0 |     32 |   1 |   39.0 |
        Bailey |    463 |    463 |      0 |     95 |    226 |   1 |  463.0 |
               +--------+--------+--------+--------+--------+-----+--------+

Top non-repeatable levels by time:
     D:8: 2015 daAuts
     D:7: 1798 daAuts
     D:5: 1172 daAuts
     D:1: 942 daAuts
     D:4: 762 daAuts
     D:3: 731 daAuts
     D:2: 661 daAuts
     D:6: 630 daAuts
     D:9: 515 daAuts
  Bailey: 463 daAuts
  Temple: 39 daAuts
